AoeStats
← QangrY

MegaRandom

506665746Analyzed
1v1 RM · 16d ago on Sep 14, 2026· 45m 7s· 2 players
Game mode
Random Map
Map size
Tiny (2 player)
Population
200
Speed
Normal
Resources
Standard
Victory
Conquest
Starting age
Dark Age
Ending age
Imperial Age
RankedLock teamsTeams togetherTeam positionsShared explorationLock speedFull tech treeHidden civsTurbo modeCheats
Victory
Defeat
🇮🇳 Sicilians · India
1211
+18
🇦🇷 Malay · Argentina
1257
-18
LAZYMONK98
6:51 Loom
9:09 Feudal Age
10:44 Double-Bit Axe
11:37 Horse Collar
19:01 Castle Age
17:57 Bloodlines
18:49 Scale Barding Armor
21:27 Husbandry
21:55 Gold Mining
23:20 Forging
25:32 Chain Barding Armor
25:47 Iron Casting
25:07 Town Watch
29:27 Wheelbarrow
29:42 Bow Saw
29:54 Heavy Plow
32:07 Fletching
33:00 Town Patrol
35:01 Light Cavalry
38:24 Imperial Age
36:44 Iron Casting
38:26 Cavalier
40:15 Plate Barding Armor
40:27 Hand Cart
40:46 Conscription
40:59 First Crusade
42:52 Blast Furnace
41:52 Scale Mail Armor
43:17 Elite Serjeant
44:52 Bodkin Arrow
QangrY
0:31 Loom
9:42 Feudal Age
15:25 Castle Age
17:09 Gold Mining
20:29 Fletching
23:49 Forging
26:07 Iron Casting
40:19 Imperial Age
39:20 Elite Karambit Warrior
40:34 Squires
41:44 Blast Furnace
Connection lost

Rejoining the realm…

Still unreachable

The connection could not be restored.

Session expired

The server has moved on; the page needs a fresh start.